 Dungeon Crawl Stone Soup version 0.21.1-1-g345015f (webtiles) character file.

357 tidbits the Grave Robber (level 6, 0/44 HPs)
             Began as a Gnoll Necromancer on June 29, 2018.
             Was an Initiate of Cheibriados.
             Succumbed to a scorpion's poison
             ... on level 4 of the Dungeon.
             The game lasted 00:06:54 (549 turns).

tidbits the Grave Robber (Gnoll Necromancer)         Turns: 549, Time: 00:06:55

Health: 0/44       AC:  2    Str: 16    XL:     6   Next: 64%
Magic:  1/14       EV: 15    Int: 20    God:    Cheibriados [......]
Gold:   5          SH:  0    Dex: 17    Spells: 2/15 levels left

rFire    . . .     SeeInvis .   g - +0 short sword
rCold    . . .     Gourm    .   (no shield)
rNeg     . . .     Faith    .   a - +0 robe
rPois    .         Spirit   .   (no helmet)
rElec    .         Reflect  .   (no cloak)
rCorr    .         Harm     .   (no gloves)
MR       .....                  (no boots)
Stlth    +++.......             (no amulet)
HPRegen  0.14/turn              (no ring)
MPRegen  0.14/turn              (no ring)

@: mighty, lethally poisoned (0 -> -7), very slow
A: distributed training, fangs 1, strong nose
a: Bend Time, Renounce Religion


You were on level 4 of the Dungeon.
You worshipped Cheibriados.
Cheibriados was noncommittal.
You were not hungry.

You visited 1 branch of the dungeon, and saw 5 of its levels.
You also visited: Ossuary.

You collected 5 gold pieces.

Inventory:

Hand Weapons
 g - a +0 short sword (weapon)
Missiles
 j - 2 tomahawks (quivered)
Armour
 a - a +0 robe (worn)
Wands
 l - a wand of iceblast (5)
Scrolls
 e - a scroll of noise {unknown}
 f - a scroll of enchant armour {unknown}
 i - 2 scrolls of enchant weapon {unknown}
 k - 2 scrolls of identify {unknown}
 n - 2 scrolls of blinking {unknown}
 o - a scroll of teleportation {unknown}
Potions
 h - a potion of resistance
 m - 2 potions of heal wounds {unknown}
 p - a potion of flight {unknown}
 q - a potion of brilliance {unknown}
 r - a potion of might
Books
 b - a book of Necromancy

   Spells                             Type                      Level
   a - Pain                           Necromancy                   1
   b - Animate Skeleton               Necromancy                   1
   c - Vampiric Draining              Necromancy                   3
   d - Regeneration                   Charms/Necromancy            3
   e - Animate Dead                   Necromancy                   4
   f - Borgnjor's Vile Clutch         Necromancy/Earth             5
Comestibles
 c - 2 rations


   Skills:
 + Level 2.0 Fighting
 + Level 2.0 Short Blades
 + Level 2.0 Long Blades
 + Level 2.0 Axes
 + Level 2.0 Maces & Flails
 + Level 2.0 Polearms
 + Level 2.0 Staves
 + Level 2.0 Slings
 + Level 2.0 Bows
 + Level 2.0 Crossbows
 + Level 2.0 Throwing
 + Level 2.0 Armour
 + Level 5.0 Dodging
 + Level 4.6 Stealth
 + Level 2.0 Shields
 + Level 2.0 Unarmed Combat
 + Level 5.4 Spellcasting
 + Level 1.6 Conjurations
 + Level 1.6 Hexes
 + Level 1.6 Charms
 + Level 1.6 Summonings
 + Level 7.3 Necromancy
 + Level 1.6 Translocations
 + Level 1.6 Transmutations
 + Level 1.6 Fire Magic
 + Level 1.6 Ice Magic
 + Level 1.6 Air Magic
 + Level 1.6 Earth Magic
 + Level 1.6 Poison Magic
 + Level 2.2 Invocations
 + Level 2.0 Evocations


You had 2 spell levels left.
You knew the following spells:

 Your Spells              Type           Power        Failure   Level  Hunger
a - Pain                  Necr           ####         1%          1    None
d - Vampiric Draining     Necr           ####......   1%          3    ##.....
n - Animate Skeleton      Necr           N/A          1%          1    None
r - Regeneration          Chrm/Necr      ###.......   5%          3    ##.....
v - Borgnjor's Vile Clut  Necr/Erth      ###.......   43%         5    #####..


Dungeon Overview and Level Annotations

Branches:
Dungeon (5/15)             Temple (0/1) D:4

Altars:
Cheibriados
Dithmenos
Makhleb
Uskayaw
Wu Jian
Zin

Shops:
D:4 (

Annotations:
D:3 Jessica, Sigmund


Innate Abilities, Weirdness & Mutations

Your experience applies equally to all skills.
You have very sharp teeth.
Your uncanny sense of smell can sniff out nearby items.


Message History

Aiming: Pain
Press: ? - help, Shift-Dir - straight line, f/p - bullfrog
Aim: a bullfrog (almost dead, chance to defeat MR: 84%)
The bullfrog writhes in agony!
You kill the bullfrog!
Cheibriados thoroughly appreciates the change of pace.
Casting: Pain
Confirm with . or Enter, or press ? or * to list all spells.
Aiming: Pain
Press: ? - help, Shift-Dir - straight line, f - scorpion
Aim: a scorpion (chance to defeat MR: 84%)
The scorpion writhes in agony!
The scorpion barely misses you.
An ooze comes into view.
Casting: Pain
Confirm with . or Enter, or press ? or * to list all spells.
Aiming: Pain
Press: ? - help, Shift-Dir - straight line, f/p - scorpion
Aim: a scorpion (heavily wounded, chance to defeat MR: 84%)
The scorpion writhes in agony!
The ooze quivers.
The scorpion stings you.
You are poisoned.
The scorpion poisons you!
Casting: Pain
Confirm with . or Enter, or press ? or * to list all spells.
Aiming: Vampiric Draining
Press: ? - help, Shift-Dir - straight line, f/p - scorpion
Aim: a scorpion (heavily wounded)
The scorpion is severely wounded.
You feel life coursing into your body.
You feel sick. The scorpion stings you!
You are more poisoned.
The scorpion poisons you!
A shadow imp comes into view.
You feel sick. The scorpion stings you.
* * * LOW HITPOINT WARNING * * *
You are lethally poisoned!
The scorpion poisons you!
You climb upwards.
* * * LOW HITPOINT WARNING * * *
You feel very sick.
There is a stone staircase leading down here.
Unknown command.
It was a potion of might.
You feel very mighty all of a sudden.
* * * LOW HITPOINT WARNING * * *
You feel very sick. The scorpion barely misses you.
You closely miss the scorpion.
The scorpion is severely wounded.
* * * LOW HITPOINT WARNING * * *
You feel sick. The scorpion completely misses you.
Unknown command.
You barely miss the scorpion.
The scorpion is severely wounded.
* * * LOW HITPOINT WARNING * * *
You feel sick. The scorpion closely misses you.
Unknown command.
You barely miss the scorpion.
The scorpion is severely wounded.
* * * LOW HITPOINT WARNING * * *
You feel sick. The scorpion misses you.
Unknown command.
You closely miss the scorpion.
The scorpion is severely wounded.
* * * LOW HITPOINT WARNING * * *
You feel sick.
The scorpion stings you but does no damage.
It was a potion of curing.
You feel better. The scorpion stings you.
* * * LOW HITPOINT WARNING * * *
You barely miss the scorpion.
The scorpion is severely wounded.
The scorpion stings you!
* * * LOW HITPOINT WARNING * * *
You are lethally poisoned!
The scorpion poisons you!
Unknown command.
Casting: Vampiric Draining
Confirm with . or Enter, or press ? or * to list all spells.
Aiming: Pain
Press: ? - help, Shift-Dir - straight line, f - scorpion
Aim: a scorpion (severely wounded, chance to defeat MR: 84%)
The scorpion writhes in agony!
You kill the scorpion!
Cheibriados appreciates the change of pace.
Your Fighting skill increases to level 2!
Your Short Blades skill increases to level 2!
Your Long Blades skill increases to level 2!
Your Axes skill increases to level 2!
Your Maces & Flails skill increases to level 2!
Your Polearms skill increases to level 2!
Your Staves skill increases to level 2!
Your Slings skill increases to level 2!
Your Bows skill increases to level 2!
Your Crossbows skill increases to level 2!
Your Throwing skill increases to level 2!
Your Armour skill increases to level 2!
Your Dodging skill increases to level 5!
Your Shields skill increases to level 2!
Your Unarmed Combat skill increases to level 2!
Your Evocations skill increases to level 2!
You die...

#..........#
##########.#
#.# #.# #.#
#.# #.#
#†#########
#@.........
####.......
.......
.$S....
.......
.......
....o..
....##.


There were no monsters in sight!

Vanquished Creatures
  An ogre (D:4)
  A bullfrog (D:5)
  A scorpion (D:4)
  An orc priest (D:5)
  An orc wizard (D:5)
  Ijyb (D:4)
  A worker ant (D:4)
  A hound skeleton (D:4)
  2 adders
  An ooze (D:4)
  2 dart slugs
  3 orcs
  2 giant cockroaches (D:3)
  A frilled lizard (D:2)
  3 rats
22 creatures vanquished.

Notes
Turn   | Place    | Note
-------+----------+-------------------------------------------
     0 | D:1      | tidbits the Gnoll Necromancer began the quest for the Orb.
     0 | D:1      | Reached XP level 1. HP: 13/13 MP: 6/6
   109 | D:3      | Found a hide-covered altar of Uskayaw.
   109 | D:3      | Found an ornate altar of the Wu Jian Council.
   111 | D:3      | Found a glowing silver altar of Zin.
   111 | D:3      | Found a shadowy altar of Dithmenos.
   134 | D:2      | Found a snail-covered altar of Cheibriados.
   142 | D:2      | Reached XP level 2. HP: 9/19 MP: 0/7
   145 | D:2      | Became a worshipper of Cheibriados the Contemplative
   258 | D:3      | Found a burning altar of Makhleb.
   261 | D:3      | Noticed Jessica
   262 | D:3      | Noticed Sigmund
   269 | D:4      | Reached skill level 5 in Spellcasting
   269 | D:4      | Reached XP level 3. HP: 12/25 MP: 4/9
   273 | D:4      | Learned a level 1 spell: Animate Skeleton
   277 | D:4      | Learned a level 3 spell: Regeneration
   282 | D:4      | Learned a level 3 spell: Vampiric Draining
   305 | D:4      | Noticed Ijyb
   322 | D:4      | Killed Ijyb
   322 | D:4      | Reached skill level 1 in Fighting
   322 | D:4      | Reached skill level 1 in Short Blades
   322 | D:4      | Reached skill level 1 in Long Blades
   322 | D:4      | Reached skill level 1 in Axes
   322 | D:4      | Reached skill level 1 in Maces & Flails
   322 | D:4      | Reached skill level 1 in Polearms
   322 | D:4      | Reached skill level 1 in Staves
   322 | D:4      | Reached skill level 1 in Slings
   322 | D:4      | Reached skill level 1 in Bows
   322 | D:4      | Reached skill level 1 in Crossbows
   322 | D:4      | Reached skill level 1 in Throwing
   322 | D:4      | Reached skill level 1 in Armour
   322 | D:4      | Reached skill level 1 in Shields
   322 | D:4      | Reached skill level 1 in Unarmed Combat
   322 | D:4      | Reached skill level 1 in Invocations
   322 | D:4      | Reached skill level 1 in Evocations
   322 | D:4      | Reached XP level 4. HP: 17/32 MP: 0/11
   326 | D:4      | Found a staircase to the Ecumenical Temple.
   357 | D:4      | Found Yvaaq's Weapon Shoppe.
   371 | D:4      | Noticed an ogre
   388 | D:4      | Killed an ogre
   388 | D:4      | Reached skill level 1 in Conjurations
   388 | D:4      | Reached skill level 1 in Hexes
   388 | D:4      | Reached skill level 1 in Charms
   388 | D:4      | Reached skill level 1 in Summonings
   388 | D:4      | Reached skill level 1 in Translocations
   388 | D:4      | Reached skill level 1 in Transmutations
   388 | D:4      | Reached skill level 1 in Fire Magic
   388 | D:4      | Reached skill level 1 in Ice Magic
   388 | D:4      | Reached skill level 1 in Air Magic
   388 | D:4      | Reached skill level 1 in Earth Magic
   388 | D:4      | Reached skill level 1 in Poison Magic
   388 | D:4      | Reached XP level 5. HP: 6/37 MP: 0/12
   447 | D:4      | Found a sand-covered staircase.
   452 | Ossuary  | Entered an ossuary
   492 | Ossuary  | Learned a level 5 spell: Borgnjor's Vile Clutch
   527 | D:5      | Entered Level 5 of the Dungeon
   529 | D:5      | Reached skill level 2 in Invocations
   529 | D:5      | Reached XP level 6. HP: 41/44 MP: 9/13
   548 | D:4      | HP: 2/44 [scorpion (8)]
   549 | D:4      | Reached skill level 2 in Fighting
   549 | D:4      | Reached skill level 2 in Short Blades
   549 | D:4      | Reached skill level 2 in Long Blades
   549 | D:4      | Reached skill level 2 in Axes
   549 | D:4      | Reached skill level 2 in Maces & Flails
   549 | D:4      | Reached skill level 2 in Polearms
   549 | D:4      | Reached skill level 2 in Staves
   549 | D:4      | Reached skill level 2 in Slings
   549 | D:4      | Reached skill level 2 in Bows
   549 | D:4      | Reached skill level 2 in Crossbows
   549 | D:4      | Reached skill level 2 in Throwing
   549 | D:4      | Reached skill level 2 in Armour
   549 | D:4      | Reached skill level 5 in Dodging
   549 | D:4      | Reached skill level 2 in Shields
   549 | D:4      | Reached skill level 2 in Unarmed Combat
   549 | D:4      | Reached skill level 2 in Evocations
   549 | D:4      | Succumbed to a scorpion's poison

Skill      XL: |  1  2  3  4  5  6 |
---------------+-------------------+-----
Spellcasting   | 5 |  5.4
Fighting       | 1 2 |  2.0
Short Blades   | 1 2 |  2.0
Long Blades    | 1 2 |  2.0
Axes           | 1 2 |  2.0
Maces & Flails | 1 2 |  2.0
Polearms       | 1 2 |  2.0
Staves         | 1 2 |  2.0
Slings         | 1 2 |  2.0
Bows           | 1 2 |  2.0
Crossbows      | 1 2 |  2.0
Throwing       | 1 2 |  2.0
Armour         | 1 2 |  2.0
Shields        | 1 2 |  2.0
Unarmed Combat | 1 2 |  2.0
Invocations    | 1 2 |  2.2
Evocations     | 1 2 |  2.0
Conjurations   | 1 |  1.6
Hexes          | 1 |  1.6
Charms         | 1 |  1.6
Summonings     | 1 |  1.6
Translocations | 1 |  1.6
Transmutations | 1 |  1.6
Fire Magic     | 1 |  1.6
Ice Magic      | 1 |  1.6
Air Magic      | 1 |  1.6
Earth Magic    | 1 |  1.6
Poison Magic   | 1 |  1.6
Dodging        | 5 |  5.0
Stealth        | |  4.6
Necromancy     | |  7.3

Action                   |  1- 3 |  4- 6 || total
-------------------------+-------+-------++-------
Melee: Unarmed           |     2 |       ||     2
       Bite              |     2 |     2 ||     4
       Short sword       |     4 |    23 ||    27
 Cast: Pain              |    25 |    15 ||    40
       Regeneration      |     1 |     2 ||     3
       Vampiric Draining |       |     2 ||     2
Evoke: Wand              |       |     3 ||     3
  Use: Potion            |       |     4 ||     4
 Stab: Sleeping          |     1 |       ||     1
       Invisible         |       |     4 ||     4
Armor: Robe              |     1 |     2 ||     3
Dodge: Dodged            |     9 |    22 ||    31

Table legend:
 A = Turns spent in this place as a percentage of turns spent in the entire game.
 B = Non-inter-level travel turns spent in this place as a percentage of non-inter-level travel turns spent in the entire game.
 C = Inter-level travel turns spent in this place as a percentage of turns spent in this place.
 D = Turns resting spent in this place as a percentage of non-inter-level travel turns spent in this place.
 E = Turns spent auto-exploring this place as a percentage of non-inter-level travel turns spent in this place.
 F = Non-inter-level travel turns spent in this place divided by the number of levels of this place that you've seen.
                   A       B       C       D       E      F
               +-------+-------+-------+-------+-------+----------------------
         Total | 100.0 | 100.0 |   0.0 |   0.0 |   0.0 |  91.5
       Dungeon |  92.0 |  92.0 |   0.0 |   0.0 |   0.0 | 101.0
       Ossuary |   8.0 |   8.0 |   0.0 |   0.0 |   0.0 |  44.0
               +-------+-------+-------+-------+-------+----------------------

Table legend:
 A = Kills in this place as a percentage of kills in entire the game.
 B = Kills by you in this place as a percentage of kills by you in the entire game.
 C = Kills by friends in this place as a percentage of kills by friends in the entire game.
 D = Other kills in this place as a percentage of other kills in the entire game.
 E = Experience gained in this place as a percentage of experience gained in the entire game.
 F = Experience gained in this place divided by the number of levels of this place that you have seen.
                   A       B       C       D       E      F
               +-------+-------+-------+-------+-------+----------------------
         Total | 100.0 | 100.0 |   N/A |   N/A | 100.0 |  85.2
       Dungeon | 100.0 | 100.0 |   N/A |   N/A | 100.0 | 102.2
               +-------+-------+-------+-------+-------+----------------------

Vault maps used:
D:1:      nagdon_arrival_double_spiral
D:2:      elyvilon_altar_5, kennysheep_slug_shrine, lemuel_blue_sif_altar,
          corexii_leaking_fountain, columned_hall_lemuel, uniq_robin
D:3:      kb_forest_paths, grunt_temple_overflow_open, demons_altar,
          hangedman_decor_opposing, dk_vineyard_2, uniq_jessica, uniq_sigmund
D:4:      minmay_temple_entry_large_hall, enter_ossuary_5, first_ration,
          serial_shops, shop, uniq_ijyb
D:5:      kennysheep_vampire_church, overflow_temple_1_default
Ossuary:  ossuary_minmay_four_chambers
